 Dungeon Crawl Stone Soup version 0.24-a0-183-g8902462 (console) character file.

Game seed: 5609364647857033139

82 Duffy the Insei (level 4, -1/30 HPs)
             Began as an Octopode Transmuter on Mar 15, 2019.
             Slain by a water moccasin zombie (5 damage)
             ... on level 3 of the Dungeon.
             The game lasted 00:01:39 (2508 turns).

Duffy the Insei (Octopode Transmuter)               Turns: 2508, Time: 00:01:40

Health: -1/30      AC:  1    Str:  9    XL:     4   Next: 43%
Magic:  7/7        EV: 13    Int: 16    God:
Gold:   28         SH:  0    Dex: 12    Spells: 1/7 levels left

rFire    . . .     SeeInvis .     - Unarmed
rCold    . . .     Gourm    .   (no shield)
rNeg     . . .     Faith    .   (helmet restricted)
rPois    .         Spirit   .   (no amulet)
rElec    .         Reflect  .   (no ring)
rCorr    .         Harm     .   (no ring)
MR       .....                  (no ring)
Stlth    ++........             (no ring)
HPRegen  0.10/turn              (no ring)
MPRegen  0.10/turn              (no ring)
                                (no ring)
                                (no ring)

@: no status effects
A: almost no armour, stealthy swim, amphibious, 8 rings, constrict 8, camouflage
1, gelatinous body 1
a: no special abilities


You were on level 3 of the Dungeon.
You were not hungry.

You visited 1 branch of the dungeon, and saw 3 of its levels.

You collected 28 gold pieces.

Inventory:

Hand Weapons
 k - a +0 blowgun
Missiles
 a - 30 arrows
 j - a throwing net (quivered)
Scrolls
 d - 4 scrolls of identify {unknown}
 e - 4 scrolls of remove curse {unknown}
 f - a scroll of fear {unknown}
 i - a scroll of fog {unknown}
 m - a scroll of teleportation {unknown}
Potions
 b - 4 potions of mutation {unknown}
 g - a potion of haste {unknown}
 h - a potion of ambrosia {unknown}
 n - a potion of lignification {unknown}
Comestibles
 c - 4 rations
 l - 2 chunks of flesh


   Skills:
 - Level 2.8 Fighting
 - Level 2.0 Dodging
 + Level 3.1 Unarmed Combat
 + Level 2.2 Spellcasting
 + Level 2.2 Transmutations
 - Level 2.5 Poison Magic


You had one spell level left.
You knew the following spells:

 Your Spells              Type           Power        Failure   Level  Hunger
h - Spider Form           Tmut/Pois      #.........   24%         3    ###....
j - Sticks to Snakes      Tmut           #.......     12%         2    ###....
k - Beastly Appendage     Tmut           #.....       9%          1    #......

Your spell library contained the following spells:

 Spells                   Type           Power        Failure   Level  Hunger
 Ice Form                 Ice/Tmut       #.......     78%         4    #####..
 Blade Hands              Tmut           #.........   92%         5    ######.


Dungeon Overview and Level Annotations

Branches:
Dungeon (3/15)

Altars:


Innate Abilities, Weirdness & Mutations

You cannot wear most types of armour.
You are very stealthy in the water. (Stealth+)
You are amphibious.
You can wear up to eight rings at the same time.
You can use your tentacles to constrict eight enemies at once.
Your skin changes colour to match your surroundings (Stealth+).
Your rubbery body absorbs attacks. (AC +1, EV +1)


Message History

The water moccasin zombie closely misses you.
You tentacle-slap the water moccasin zombie.
You squeeze the water moccasin zombie!
The water moccasin zombie is heavily damaged.
You constrict the water moccasin zombie.
The water moccasin zombie bites you.
You tentacle-slap the water moccasin zombie.
Your squeeze misses the water moccasin zombie.
The water moccasin zombie is severely damaged.
You constrict the water moccasin zombie.
The water moccasin zombie barely misses you.
You tentacle-slap the water moccasin zombie.
The water moccasin zombie is severely damaged.
You constrict the water moccasin zombie.
The water moccasin zombie misses you. The water moccasin zombie bites you!
You tentacle-slap the water moccasin zombie.
The water moccasin zombie is almost destroyed.
You constrict the water moccasin zombie.
The water moccasin zombie bites you.
You die...

# .##. ......
########.##.#
......<..##.### #####
.............. ....
###.#........####.##
.................!.##
#.#.#...#....####@Z.#
#...#..<#....#
#.#......
###.#..##....# #.#
..... .............#
#.# ....
#####..###...# #.#
... .............#
#.# .. ######...#...#
#.# # ..........# #.#
......#.#.#


You could see a water moccasin zombie.

Vanquished Creatures
  3 adders
  An ooze (D:2)
  2 worms
  A dart slug (D:3)
  A leopard gecko (D:2)
  An orc (D:3)
  5 bats
  2 giant cockroaches
  2 goblins
  4 hobgoblins
  4 jackals (D:2)
  2 quokkas (D:3)
  3 frilled lizards
  6 kobolds
  4 rats
41 creatures vanquished.

Notes
Turn   | Place    | Note
-------+----------+-------------------------------------------
     0 | D:1      | Duffy the Octopode Transmuter began the quest for the Orb.
     0 | D:1      | Reached XP level 1. HP: 13/13 MP: 3/3
   804 | D:2      | Reached XP level 2. HP: 19/19 MP: 5/5
   815 | D:2      | Learned a level 2 spell: Sticks to Snakes
  1275 | D:2      | Reached XP level 3. HP: 15/25 MP: 6/6
  1280 | D:2      | Learned a level 3 spell: Spider Form
  1468 | D:2      | Reached skill level 1 in Poison Magic
  2032 | D:3      | Reached XP level 4. HP: 17/30 MP: 7/7
  2508 | D:3      | Slain by a water moccasin zombie

Levels and vault maps discovered:
D:1:      minmay_arrival_floating_metal, layout_basic, serial_park_tiny_1,
          serial_park_tiny_pond, chequers_serial_rivers_room_b
D:2:      layout_basic, kennysheep_boxes
D:3:      layout_basic, gammafunk_temple_overflow_elements, first_ration,
          kennysheep_crisscross, grunt_ministairs_15, uniq_natasha

Skill      XL: |  1  2  3 |
---------------+----------+-----
Fighting       | 2 |  2.8
Poison Magic   | 2 |  2.5
Dodging        | |  2.0
Unarmed Combat | |  3.1
Spellcasting   | |  2.2
Transmutations | |  2.2

Action                   |  1- 3 |  4- 6 || total
-------------------------+-------+-------++-------
Melee: Unarmed           |    79 |    37 ||   116
       Constrict         |    19 |    10 ||    29
       Tentacles         |    10 |     8 ||    18
       Punch             |     1 |       ||     1
 Stab: Sleeping          |     7 |     1 ||     8
  Eat: Chunk             |     3 |     2 ||     5
Armor: Skin              |     3 |     3 ||     6
Dodge: Dodged            |    42 |    48 ||    90

Table legend:
 A = Non-vault XP
 B = Vault XP
 C = Vault XP percentage of total XP
 D = Non-vault monster count
 E = Vault monster count
 F = Vault count percentage of total count
                 A         B        C        D         E       F
            +---------+---------+-------+---------+---------+-------
      Total |     118 |       0 |   0.0 |      41 |       0 |   0.0
            +---------+---------+-------+---------+---------+-------
        D:1 |       9 |       0 |   0.0 |       7 |       0 |   0.0
        D:2 |      70 |       0 |   0.0 |      21 |       0 |   0.0
        D:3 |      39 |       0 |   0.0 |      13 |       0 |   0.0
            +---------+---------+-------+---------+---------+-------
